 Dungeon Sprint DCSS version 0.22.1-1-ga44c0e56f4 (webtiles) character file.

1105 MuseOD the Impaler (level 8, -1/76 HPs)
             Began as a Merfolk Berserker on Oct 7, 2018.
             Was a Priest of Trog.
             Slain by a hornet (12 damage)
             ... in the Dungeon (Sprint II: "The Violet Keep of Menkaure").
             The game lasted 00:01:19 (369 turns).

MuseOD the Impaler (Merfolk Berserker)               Turns: 369, Time: 00:01:19

Health: -1/76      AC:  2    Str: 20    XL:     8   Next: 32%
Magic:  8/8        EV: 17    Int:  6    God:    Trog [***...]
Gold:   972        SH:  0    Dex: 13    Spells: 7/7 levels left

rFire    . . .     SeeInvis .   a - +0 spear
rCold    . . .     Gourm    .   (no shield)
rNeg     . . .     Faith    .   b - +0 animal skin
rPois    .         Spirit   .   (no helmet)
rElec    .         Reflect  .   (no cloak)
rCorr    .         Harm     .   (no gloves)
MR       .....     NoTele   +   (no boots)
Stlth    ++........             (no amulet)
HPRegen  0.22/turn              (no ring)
MPRegen  0.11/turn              (no ring)

@: berserk cooldown, slowed, very slow
A: change form in water, swift swim, stealthy swim
a: Berserk, Trog's Hand, Renounce Religion


You were in the Dungeon.
You worshipped Trog.
Trog was most pleased with you.
You were very hungry.

You visited 1 branch You collected 972 gold pieces.

Inventory:

Hand Weapons
 a - a +0 spear (weapon)
Armour
 b - a +0 animal skin (worn)
Scrolls
 i - a scroll of blinking
Potions
 f - a potion of haste
 g - 2 potions of magic
 h - a potion of berserk rage
Comestibles
 c - a ration


   Skills:
 + Level 12.1 Fighting
 + Level 15.7 Polearms
 + Level 4.1 Armour
 + Level 8.7 Dodging
 + Level 1.3 Stealth


You had 7 spell levels left.
You didn't know any spells.
Your spell library was empty.

Dungeon Overview and Level Annotations

Branches:
Dungeon (1/1)

Altars:
Cheibriados
Dithmenos
Elyvilon
Fedhas
Hepliaklqana
Kikubaaqudgha
Makhleb
Qazlal
Ru
Sif Muna
Trog
Wu Jian
Xom
Beogh
Jiyva
Lugonu


Message History

* * * LOW HITPOINT WARNING * * *
You feel as though you will be slow longer.
The hornet closely misses you. x2
You feel better. The hornet completely misses you.
The hornet closely misses you.
Unknown command.
Your black bear goes berserk!
You are feeling very hungry.
You can no longer call in reinforcements.
The hornet stings you.
You feel as though you will be slow longer.
The hornet closely misses you. The hornet stings you!
* * * LOW HITPOINT WARNING * * *
You suddenly lose the ability to move!
You can move again.
You hit the hornet but do no damage.
The hornet is heavily wounded.
The hornet stings you!
You die...

#+##.. #. ...##.####
+.### .#..# ...# ...####
.#.####..## #..##$#
#÷###.##..# +..#..#
#.##...#..# #..#.c#
.<.+###'..####^.##h#
#.##...#....###^@y##▓▓
#'###.##..§§..≈≈≈≈h≈≈≈≈≈≈
.).####≈§§§§.§≈#+########
.#..#≈†≈§≈≈≈..≈#.._.....#
.w.##§≈≈§§≈≈≈.≈#._._....#
#+##§≈≈≈§≈≈≈≈≈§#_._._...#
≈≈≈≈§§≈≈≈≈≈≈≈§≈#._._._..#
+#+++#≈≈≈≈≈≈≈§≈#_._._._.#
§§. ##≈≈≈###§§#._._._


You could see a polar bear, a hornet and a friendly black bear (berserk).

Vanquished Creatures
  A merfolk siren (D)
  2 polar bears (D)
  4 necrophages (D)
  2 worms (D)
9 creatures vanquished.

Vanquished Creatures (others)
  A tyrant leech (D)
  Menkaure (D)
  A crocodile (D)
3 creatures vanquished.

Grand Total: 12 creatures vanquished

Notes
Turn   | Place    | Note
-------+----------+-------------------------------------------
     0 | D        | MuseOD the Merfolk Berserker began the quest for the Orb.
     0 | D        | Reached XP level 1. HP: 18/18 MP: 1/1
     1 | D        | Noticed a tyrant leech
     1 | D        | Noticed a tyrant leech
     4 | D        | Noticed a necrophage
     4 | D        | Noticed a necrophage
     4 | D        | Noticed a necrophage
     4 | D        | Noticed a necrophage
    13 | D        | Killed a necrophage
    13 | D        | Reached skill level 8 in Polearms
    13 | D        | Reached XP level 2. HP: 29/29 MP: 2/2
    13 | D        | Reached XP level 3. HP: 35/35 MP: 3/3
    13 | D        | Reached XP level 4. HP: 41/41 MP: 4/4
    18 | D        | Killed a necrophage
    18 | D        | Reached skill level 10 in Polearms
    18 | D        | Reached skill level 5 in Dodging
    18 | D        | Reached XP level 5. HP: 49/49 MP: 5/5
    24 | D        | Killed a necrophage
    24 | D        | Reached ** piety under Trog
    24 | D        | Reached skill level 11 in Polearms
    24 | D        | Reached XP level 6. HP: 57/57 MP: 6/6
    25 | D        | Killed a necrophage
    25 | D        | Reached skill level 12 in Polearms
    77 | D        | Killed Menkaure
    87 | D        | Reached *** piety under Trog
   101 | D        | Noticed a merfolk siren
   111 | D        | Killed a merfolk siren
   111 | D        | Reached skill level 14 in Polearms
   111 | D        | Reached XP level 7. HP: 50/68 MP: 7/7
   162 | D        | Killed a tyrant leech
   271 | D        | Noticed an obsidian statue
   281 | D        | Found a stormy altar of Qazlal.
   281 | D        | Found an ornate altar of the Wu Jian Council.
   321 | D        | Found a hazy altar of Hepliaklqana.
   321 | D        | Found a sacrificial altar of Ru.
   322 | D        | Found a roughly hewn altar of Beogh.
   322 | D        | Found a viscous altar of Jiyva.
   322 | D        | Found a deep blue altar of Sif Muna.
   322 | D        | Found a shimmering altar of Xom.
   323 | D        | Found a snail-covered altar of Cheibriados.
   323 | D        | Found an ancient bone altar of Kikubaaqudgha.
   323 | D        | Found a bloodstained altar of Trog.
   324 | D        | Found a shadowy altar of Dithmenos.
   324 | D        | Found a corrupted altar of Lugonu.
   325 | D        | Found a white marble altar of Elyvilon.
   325 | D        | Found a burning altar of Makhleb.
   326 | D        | Found a blossoming altar of Fedhas.
   328 | D        | Noticed a yaktaur
   328 | D        | Noticed a hornet
   328 | D        | Noticed a polar bear
   329 | D        | Noticed a polar bear
   341 | D        | Killed a polar bear
   341 | D        | Reached skill level 15 in Polearms
   341 | D        | Reached skill level 1 in Stealth
   341 | D        | Reached XP level 8. HP: 76/76 MP: 8/8
   346 | D        | Noticed a polar bear
   357 | D        | Killed a polar bear
   357 | D        | Reached **** piety under Trog
   368 | D        | Paralysed by a hornet for 1 turns
   369 | D        | Slain by a hornet

Skill      XL: |  1  2  3  4  5  6  7  8 |
---------------+-------------------------+-----
Fighting       | 6 7 8 11 12 | 12.1
Polearms       | 8 10 11 14 15 | 15.7
Armour         | 2 3 4 |  4.1
Dodging        | 4 5 6 8 |  8.7
Stealth        | 1 |  1.3

Action                   |  1- 3 |  4- 6 |  7- 9 || total
-------------------------+-------+-------+-------++-------
Melee: Spear             |     8 |    35 |    32 ||    75
Invok: Berserk           |     1 |     1 |     1 ||     3
       Brothers in Arms  |       |       |     1 ||     1
  Use: Potion            |       |       |     2 ||     2
Armor: Animal skin       |       |     1 |       ||     1
Dodge: Dodged            |     3 |     3 |    24 ||    30
